 Dungeon Crawl Stone Soup version 0.19.5 (webtiles) character file.

100 JeffiDaFish the Shield-Bearer (level 4, -1/29 HPs)
             Began as a Gargoyle Fighter on Apr 6, 2017.
             Slain by a ball python (2 damage)
             ... on level 2 of the Dungeon.
             The game lasted 00:05:01 (1495 turns).

JeffiDaFish the Shield-Bearer (Gargoyle Fighter)    Turns: 1495, Time: 00:05:02

Health: -1/29      AC: 11    Str: 15    XL:     4   Next: 73%
Magic:  4/4        EV:  4    Int:  9    God:
Gold:   105        SH:  9    Dex: 10    Spells: 0 memorised, 3 levels left

rFire  . . .     SeeInvis .     a - +1 flail
rCold  . . .     Gourm    .     b - +0 scale mail
rNeg   + . .     Faith    .     c - +0 shield
rPois  ∞         Spirit   .     d - +0 helmet
rElec  +         Reflect  .     (no cloak)
rCorr  .         Harm     .     (no gloves)
MR     .....                    (no boots)
Stlth  ..........               (no amulet)
                                (no ring)
                                e - +3 ring of slaying

@: constricted
A: negative energy resistance 1, electricity resistance, slow regeneration 1,
weak 2, unbreathing, petrification resistance, rot immunity, AC +3
a: no special abilities


You were on level 2 of the Dungeon.
You were not hungry.

You visited 1 branch of the dungeon, and saw 2 of its levels.

You collected 105 gold pieces.

Inventory:

Hand Weapons
 a - a +1 flail (weapon)
Armour
 b - a +0 scale mail (worn)
 c - a +0 shield (worn)
 d - a +0 helmet (worn)
Jewellery
 e - a +3 ring of slaying (left hand)
Scrolls
 h - 2 scrolls of identify
 i - a scroll of remove curse
Comestibles
 f - 2 bread rations
 g - a chunk of flesh
 j - a beef jerky


   Skills:
 + Level 3.7 Fighting
 + Level 2.9 Maces & Flails
 + Level 4.1 Armour
 + Level 0.4 Dodging
 + Level 4.2 Shields


You had 3 spell levels left.
You didn't know any spells.

Dungeon Overview and Level Annotations

Branches:
Dungeon (2/15)

Altars:


Innate Abilities, Weirdness & Mutations

You are resistant to torment.
Your stone body is resilient. (AC +3)
You are immune to poison.
You resist negative energy. (rN+)
You are resistant to electric shocks. (rElec)
You can survive without breathing.
You are immune to petrification.
You are immune to rotting.
You regenerate slowly when monsters are visible.
You are very weak. (Str -4)


Message History

The ball python bites you but does no damage.
* * * LOW HITPOINT WARNING * * *
The ball python constricts you. The kobold hits you but does no damage.
The ball python bites you but does no damage.
The ball python constricts you. You block the kobold's attack.
The ball python bites you but does no damage.
The ball python constricts you. The kobold hits you with a short sword.
* * * LOW HITPOINT WARNING * * *
The ball python bites you.
* * * LOW HITPOINT WARNING * * *
The ball python constricts you. You block the ball python's attack.
The ball python constricts you. The kobold hits you but does no damage.
The ball python bites you.
* * * LOW HITPOINT WARNING * * *
The ball python constricts you. The kobold hits you with a short sword.
* * * LOW HITPOINT WARNING * * *
The ball python bites you.
You die...

#...............#
#.##..#####.###.# #.##..#
###.###.#### #.##.(#
#...........
#.##..###.#####..###
######........ #..#
#)().......### #..#
#)##)).....# #..#
#.##.##.@K.#########..###
#.##.##S##...............
#.##.##.###.<.........###
#.##.##.# #..#######.....
#.##....# #..# #..##.
#.......###..# #..##.
##.......##[.#######..##.
#.......##...........##.
#...............###.#.#.


You could see a ball python and a kobold.

Vanquished Creatures
  Robin (D:2)
  2 adders (D:2)
  3 worms (D:2)
  A dart slug (D:2)
  2 leopard geckos
  10 bats
  2 giant cockroaches
  10 goblins
  9 hobgoblins
  5 jackals
  A ball python (D:2)
  4 frilled lizards
  3 kobolds
  2 rats
55 creatures vanquished.

Notes
Turn   | Place    | Note
-------+----------+-------------------------------------------
     0 | D:1      | JeffiDaFish the Gargoyle Fighter began the quest for the Orb.
     0 | D:1      | Reached XP level 1. HP: 14/14 MP: 1/1
   111 | D:1      | Reached XP level 2. HP: 18/19 MP: 2/2
   455 | D:2      | Reached XP level 3. HP: 15/23 MP: 3/3
   723 | D:2      | Noticed Robin
   760 | D:2      | HP: 1/23 [Robin/whip (2)]
   761 | D:2      | Killed Robin
   761 | D:2      | Reached XP level 4. HP: 2/28 MP: 4/4
  1323 | D:2      | Gained mutation: You are weak. (Str -2) [potion of mutation]
  1323 | D:2      | Gained mutation: You are very weak. (Str -4) [potion of mutation]
  1323 | D:2      | Gained mutation: You regenerate slowly when monsters are visible. [potion of mutation]
  1494 | D:2      | HP: 1/29 [kobold/short sword (1)]
  1495 | D:2      | Slain by a ball python

Skill      XL: |  1  2  3 |
---------------+----------+-----
Armour         | 4 |  4.1
Shields        | 4 |  4.2
Fighting       | |  3.7
Maces & Flails | |  2.9
Dodging        | |  0.4

Action                   |  1- 3 |  4- 6 || total
-------------------------+-------+-------++-------
Melee: Flail             |   116 |    68 ||   184
  Use: Scroll            |     3 |     2 ||     5
       Potion            |     2 |     3 ||     5
  Eat: Chunk             |       |     2 ||     2
Armor: Scale mail        |    78 |   102 ||   180
Dodge: Dodged            |    50 |    50 ||   100
Block: Shield            |    75 |    98 ||   173
